 Dungeon Sprint DCSS version 0.19.1-1-g22dce08 (webtiles) character file.

494 snakesoliden the Convoker (level 7, -7/36 HPs)
             Began as a Tengu Summoner on Dec 28, 2016.
             Was an Initiate of Vehumet.
             Mangled by a deep troll (16 damage)
             ... in the Dungeon (Sprint I: "Red Sonja").
             The game lasted 00:08:47 (869 turns).

snakesoliden the Convoker (Tengu Summoner)           Turns: 869, Time: 00:08:47

Health: -7/36      AC:  2    Str:  8    XL:     7   Next: 15%
Magic:  0/11       EV: 12    Int: 18    God:    Vehumet [......]
Gold:   355        SH:  0    Dex: 14    Spells: 3 memorised, 3 levels left

rFire  . . .     SeeInvis .     (no weapon)
rCold  . . .     Gourm    .     a - +0 robe
rNeg   . . .     Faith    .     (no shield)
rPois  .         Spirit   .     (helmet restricted)
rElec  .         Reflect  .     (no cloak)
rCorr  .         Harm     .     (no gloves)
MR     .....     NoTele   +     (boots unavailable)
Stlth  ++........               (no amulet)
                                (no ring)
                                (no ring)

@: very slightly contaminated
A: beak, talons 3, able to fly 1
a: Fly, Renounce Religion


You were in the Dungeon.
You worshipped Vehumet.
Vehumet was noncommittal.
You were not hungry.

You visited 1 branch You collected 405 gold pieces.
You spent 50 gold pieces at shops.

Inventory:

Armour
 a - a +0 robe (worn)
Wands
 h - a wand of digging (8/24)
Scrolls
 i - a scroll of blinking
Potions
 d - a potion of curing
 g - 2 potions of magic
 j - a potion of lignification {unknown}
Books
 b - a book of Callings

   Spells                             Type                      Level
   a - Summon Small Mammal            Summoning                    1
   b - Call Imp                       Summoning                    2
   c - Call Canine Familiar           Summoning                    3
   d - Summon Guardian Golem          Hexes/Summoning              3
   e - Summon Lightning Spire         Summoning/Air                4
   f - Summon Ice Beast               Ice/Summoning                4
Comestibles
 c - a meat ration


   Skills:
 - Level 2.1 Dodging
 - Level 2.0 Stealth
 - Level 2.0 Spellcasting
 - Level 16.8 Summonings
 * Level 2.1 Air Magic


You had 3 spell levels left.
You knew the following spells:

 Your Spells              Type           Power        Failure   Level  Hunger
a - Summon Small Mammal   Summ           ####         1%          1    #......
b - Call Imp              Summ           ######..     1%          2    ###....
c - Summon Lightning Spi  Summ/Air       #####...     4%          4    #####..


Dungeon Overview and Level Annotations

Branches:
Dungeon (1/1)

Altars:
Cheibriados
Dithmenos
Elyvilon
Fedhas
Gozag
Hepliaklqana
Kikubaaqudgha
Nemelex Xobeh
Okawaru
Qazlal
Ru
Sif Muna
Trog
Uskayaw
Vehumet
Yredelemnul
Zin
The Shining One

Shops:
D *


Innate Abilities, Weirdness & Mutations

You have a beak for a mouth.
You have claws for feet.
You can fly.


Message History

The deep troll completely misses your lightning spire.
There is an open door here.
The deep troll bites your lightning spire.
The deep troll claws your lightning spire.
Your lightning spire is destroyed!
There is an open door here.
There is an open door here.
Casting: Summon Lightning Spire
Confirm with . or Enter, or press ? or * to list all spells.
A beastly little devil appears in a puff of frigid air.
Your white imp says, "I commit to your fealty, my magnificent and awesome gentletengu!"
The deep troll bites your white imp!!
Your white imp dies!
There is an open door, spattered with blood here.
The deep troll closely misses you. The deep troll claws you. x2
There is an open door here.
The deep troll bites you. The deep troll claws you!
* * * LOW HITPOINT WARNING * * *
The deep troll claws you!
You die...

################
#<.#..').#..'..#
#..'..#.T@..#..+
#..#####'#####'#
#).####..#...#.#
#..#__####..##.#
#..#_____##'#..+
#⌠⌠#_.∩...(..._#
####_..__##_.#+#
#_____###5#
#########T####+###


You could see a deep troll.

Vanquished Creatures
  Sigmund (D)
  An ogre (D)
2 creatures vanquished.

Vanquished Creatures (collateral kills)
  A yak (D)
  A jelly (D)
  Ijyb (D)
3 creatures vanquished.

Vanquished Creatures (others)
  Sonja (D)
  A gargoyle (D)
2 creatures vanquished.

Grand Total: 7 creatures vanquished

Notes
Turn   | Place    | Note
-------+----------+-------------------------------------------
     0 | D        | snakesoliden the Tengu Summoner began the quest for the Orb.
     0 | D        | Reached XP level 1. HP: 10/10 MP: 4/4
     5 | D        | Noticed Ijyb
    14 | D        | Killed Ijyb
    14 | D        | Reached skill level 7 in Summonings
    14 | D        | Reached XP level 2. HP: 15/15 MP: 1/6
    65 | D        | Learned a level 2 spell: Call Imp
    75 | D        | Noticed an ogre
    92 | D        | Killed an ogre
    92 | D        | Reached skill level 10 in Summonings
    92 | D        | Reached XP level 3. HP: 19/19 MP: 0/7
    92 | D        | Reached XP level 4. HP: 24/24 MP: 0/8
   226 | D        | Noticed Sigmund
   240 | D        | HP: 1/24 [something (10)]
   247 | D        | Killed Sigmund
   247 | D        | Reached skill level 13 in Summonings
   247 | D        | Gained mutation: You can fly. [Tengu growth]
   247 | D        | Reached XP level 5. HP: 25/28 MP: 0/9
   298 | D        | Found a deep blue altar of Sif Muna.
   314 | D        | Found a radiant altar of Vehumet.
   405 | D        | Learned a level 4 spell: Summon Lightning Spire
   409 | D        | Found Huheupla's General Store.
   409 | D        | Found an ancient bone altar of Kikubaaqudgha.
   409 | D        | Found a stormy altar of Qazlal.
   409 | D        | Found a blossoming altar of Fedhas.
   409 | D        | Found a bloodstained altar of Trog.
   409 | D        | Found an iron altar of Okawaru.
   409 | D        | Found a glowing golden altar of the Shining One.
   409 | D        | Found a glowing silver altar of Zin.
   409 | D        | Found a white marble altar of Elyvilon.
   409 | D        | Noticed a yak
   411 | D        | Found a hazy altar of Hepliaklqana.
   411 | D        | Found a hide-covered altar of Uskayaw.
   566 | D        | Found a sacrificial altar of Ru.
   570 | D        | Found a basalt altar of Yredelemnul.
   570 | D        | Found an opulent altar of Gozag.
   570 | D        | Found a snail-covered altar of Cheibriados.
   570 | D        | Found a shadowy altar of Dithmenos.
   581 | D        | Killed a yak
   581 | D        | Reached skill level 14 in Summonings
   581 | D        | Reached XP level 6. HP: 32/32 MP: 0/10
   672 | D        | Killed a gargoyle
   682 | D        | Became a worshipper of Vehumet
   684 | D        | Found a sparkling altar of Nemelex Xobeh.
   688 | D        | Bought a meat ration for 50 gold pieces
   798 | D        | Noticed Sonja
   822 | D        | Killed Sonja
   822 | D        | Reached skill level 16 in Summonings
   822 | D        | Reached XP level 7. HP: 29/36 MP: 2/11
   835 | D        | Noticed a deep troll
   869 | D        | Mangled by a deep troll

Skill      XL: |  1  2  3  4  5  6 |
---------------+-------------------+-----
Summonings     | 7 10 13 14 16 | 16.8
Air Magic      | 2 |  2.1
Dodging        | |  2.1
Stealth        | |  2.0
Spellcasting   | |  2.0

Action                   |  1- 3 |  4- 6 |  7- 9 || total
-------------------------+-------+-------+-------++-------
Melee: Unarmed           |     4 |     5 |       ||     9
       Kick              |     2 |     1 |       ||     3
       Peck              |     2 |       |       ||     2
 Cast: Summon Small Mamm |     4 |       |       ||     4
       Call Imp          |     4 |    24 |     1 ||    29
       Summon Lightning  |       |     3 |     1 ||     4
  Use: Potion            |       |     4 |       ||     4
  Eat: Bread ration      |       |     1 |       ||     1
Armor: Robe              |       |     1 |       ||     1
Dodge: Dodged            |     2 |     3 |     1 ||     6
